 Dungeon Crawl Stone Soup version 0.19.1-1-g22dce08 (webtiles) character file.

1117 Kiturien the Cutter (level 8, 0/54 HPs)
             Began as an Octopode Fighter on Jan 18, 2017.
             Was a Follower of Dithmenos.
             Slain by Kiturien's ghost (7 damage)
             ... on level 5 of the Dungeon.
             The game lasted 00:17:04 (5080 turns).

Kiturien the Cutter (Octopode Fighter)              Turns: 5080, Time: 00:17:05

Health: 0/54       AC:  5    Str: 15 (16) XL:     8   Next: 34%
Magic:  8/8        EV: 13    Int: 10      God:    Dithmenos [*.....]
Gold:   234        SH: 10    Dex: 12 (13) Spells: 0 memorised, 7 levels left

rFire  . . .     SeeInvis .     a - +1 rapier
rCold  . . .     Gourm    .     b - +1 shield
rNeg   . . .     Faith    .     (helmet restricted)
rPois  .         Spirit   .     (no amulet)
rElec  .         Reflect  .     (no ring)
rCorr  .         Harm     .     (no ring)
MR     .....     Rnd*Tele +     (no ring)
Stlth  +++++.....               (no ring)
                                (no ring)
                                (no ring)
                                (no ring)
                                (no ring)

@: wreathed by umbra
A: almost no armour, stealthy swim, amphibious, 8 rings, constrict 8, antennae
1, iridescent scales 1, thin metallic scales 1, camouflage 1, deterioration 1,
sense surroundings 1, teleportitis 1, gelatinous body 1
a: Renounce Religion


You were on level 5 of the Dungeon.
You worshipped Dithmenos.
Dithmenos was aware of your devotion.
You were not hungry.

You visited 1 branch of the dungeon, and saw 5 of its levels.

You collected 288 gold pieces.
You spent 54 gold pieces at shops.

Inventory:

Hand Weapons
 a - a +1 rapier (weapon)
 l - a +0 short sword
 o - a +2 spear of piercing
 r - a +0 flail of holy wrath
Missiles
 g - 23 poisoned needles
Armour
 b - a +1 shield (worn)
Magical Staves
 s - an uncursed staff of energy
Wands
 t - a wand of iceblast (7/15)
Scrolls
 j - a scroll of fear
 p - a scroll of fog
 q - a scroll of enchant weapon
Potions
 c - a potion of might
 e - a potion of heal wounds
 f - 2 potions of brilliance
 h - a potion of ambrosia
 i - a potion of haste
 n - 2 potions of curing
Comestibles
 d - 2 meat rations
 k - a fruit
 m - a bread ration


   Skills:
 + Level 4.8 Fighting
 + Level 5.9 Short Blades
 + Level 4.5 Dodging
 + Level 5.7 Stealth
 + Level 4.9 Shields


You had 7 spell levels left.
You didn't know any spells.

Dungeon Overview and Level Annotations

Branches:
Dungeon (5/15)
 Temple: D:4-7

Altars:
Cheibriados
Dithmenos
Hepliaklqana
Okawaru
Trog
Yredelemnul

Shops:
D:5 (!

Annotations:
D:5 Kiturien's ghost, novice OpFi


Innate Abilities, Weirdness & Mutations

You cannot wear most types of armour.
You are very stealthy in the water. (Stealth+)
You are amphibious.
You can wear up to eight rings at the same time.
You can use your tentacles to constrict eight enemies at once.
Your skin changes colour to match your surroundings (Stealth+).
Your rubbery body absorbs attacks. (AC +1, EV +1)
You have a pair of small antennae on your head.
You are partially covered in iridescent scales. (AC +2)
You are partially covered in thin metallic scales. (AC +2)
Your body sometimes deteriorates upon taking damage.
You passively map a small area around you.
You are occasionally teleported next to monsters.


Message History

Kiturien's ghost closely misses you.
You closely miss Kiturien's ghost.
Kiturien's ghost is severely damaged.
You block Kiturien's ghost's attack.
You barely miss Kiturien's ghost.
Kiturien's ghost is severely damaged.
Kiturien's ghost hits you!
* * * LOW HITPOINT WARNING * * *
You hit Kiturien's ghost. Your squeeze misses Kiturien's ghost.
Kiturien's ghost is severely damaged.
Kiturien's ghost hits you!
* * * LOW HITPOINT WARNING * * *
Your body deteriorates!
You feel weakened.
You hit Kiturien's ghost.
Kiturien's ghost is severely damaged.
Kiturien's ghost closely misses you.
You miss Kiturien's ghost.
Kiturien's ghost is severely damaged.
Kiturien's ghost hits you!
You die...

# #.# , #...# * #.
####.## #.# .. ..... #.
......# #.# .# #.#.#* #.
#####.# #.# .# #. # #.#
### #.# .# * * #. # #..
...#.# .# * #. #
#.#####.#.###.###.#
#####<................#,*
......# *#...@W....# ,
##.#### #.###.##### ##.#
###†###.###* *
(..########.......... ,*
............#.###....
#############.#* ####* *
#.. , , ####


You could see Kiturien's ghost.

Vanquished Creatures
  The ghost of Kiturien the Blocker, an amateur OpFi of Dithmenos (D:3)
  An ogre (D:4)
  A scorpion (D:5)
  A howler monkey (D:4)
  A crimson imp (D:5)
  A jelly (D:5)
  2 hounds
  3 orc priests (D:5)
  A centaur skeleton (D:5)
  An orc wizard (D:5)
  4 worker ants
  2 hound skeletons (D:3)
  12 gnolls
  A howler monkey skeleton (D:3)
  A worker ant zombie (D:3)
  12 adders
  An ooze (D:4)
  3 adder skeletons
  An adder zombie (D:3)
  2 worms (D:2)
  6 dart slugs
  3 leopard geckos
  12 orcs
  2 ball pythons (D:3)
  5 bats
  2 giant cockroaches
  7 goblins
  10 hobgoblins
  4 jackals
  6 kobolds
  2 quokkas
  6 frilled lizards
  A giant cockroach zombie (D:3)
  A jackal skeleton (D:3)
  A jackal zombie (D:3)
  A leopard gecko skeleton (D:3)
  5 rats
126 creatures vanquished.

Notes
Turn   | Place    | Note
-------+----------+-------------------------------------------
     0 | D:1      | Kiturien the Octopode Fighter began the quest for the Orb.
     0 | D:1      | Reached XP level 1. HP: 16/16 MP: 1/1
   171 | D:1      | Reached XP level 2. HP: 21/21 MP: 2/2
   406 | D:1      | Reached XP level 3. HP: 25/26 MP: 3/3
  1172 | D:2      | Reached skill level 1 in Stealth
  1355 | D:2      | Reached XP level 4. HP: 31/31 MP: 4/4
  1817 | D:3      | Noticed Kiturien's ghost (amateur OpFi)
  1845 | D:3      | Killed Kiturien's ghost
  1845 | D:3      | Reached XP level 5. HP: 3/37 MP: 5/5
  1845 | D:3      | Reached XP level 6. HP: 3/43 MP: 6/6
  3059 | D:4      | Found a shadowy altar of Dithmenos.
  3068 | D:4      | Became a worshipper of Dithmenos the Shadowed
  3079 | D:4      | Found an iron altar of Okawaru.
  3089 | D:4      | Reached XP level 7. HP: 25/48 MP: 7/7
  3327 | D:4      | Found a hazy altar of Hepliaklqana.
  3351 | D:4      | Found a snail-covered altar of Cheibriados.
  4100 | D:4      | Found a basalt altar of Yredelemnul.
  4265 | D:4      | Reached skill level 5 in Short Blades
  4430 | D:5      | Entered Level 5 of the Dungeon
  4558 | D:5      | Found Yreoca's Distillery.
  4562 | D:5      | Reached skill level 5 in Stealth
  4595 | D:5      | Bought a potion of mutation for 27 gold pieces
  4595 | D:5      | Bought a potion of mutation for 27 gold pieces
  4698 | D:5      | Noticed Kiturien's ghost (novice OpFi)
  4747 | D:5      | Gained mutation: You are partially covered in thin metallic scales. (AC +2) [potion of mutation]
  4747 | D:5      | Gained mutation: You have a pair of small antennae on your head. [potion of mutation]
  4747 | D:5      | Gained mutation: Your body sometimes deteriorates upon taking damage. [potion of mutation]
  4748 | D:5      | Gained mutation: You are partially covered in iridescent scales. (AC +2) [potion of mutation]
  4748 | D:5      | Gained mutation: You are occasionally teleported next to monsters. [potion of mutation]
  4748 | D:5      | Gained mutation: You passively map a small area around you. [potion of mutation]
  4756 | D:5      | Found a bloodstained altar of Trog.
  4756 | D:5      | Found Nierul's Weapon Shoppe.
  4770 | D:5      | Reached XP level 8. HP: 52/54 MP: 8/8
  4777 | D:5      | Reached * piety under Dithmenos
  5080 | D:5      | Slain by Kiturien's ghost

Skill      XL: |  1  2  3  4  5  6  7 |
---------------+----------------------+-----
Stealth        | 1 3 4 5 |  5.7
Short Blades   | 4 5 |  5.9
Fighting       | 4 |  4.8
Dodging        | 4 |  4.5
Shields        | 4 |  4.9

Action                   |  1- 3 |  4- 6 |  7- 9 || total
-------------------------+-------+-------+-------++-------
Melee: Rapier            |    47 |   137 |   142 ||   326
       Constrict         |    13 |    32 |    31 ||    76
       Tentacles         |    11 |    28 |    25 ||    64
  Use: Potion            |     5 |     1 |     2 ||     8
       Scroll            |     2 |     5 |     5 ||    12
 Stab: Sleeping          |     4 |     9 |     8 ||    21
  Eat: Bread ration      |     1 |     1 |       ||     2
       Fruit             |       |       |     2 ||     2
       Beef jerky        |       |       |     1 ||     1
       Chunk             |       |       |     1 ||     1
Armor: Skin              |     4 |     7 |     1 ||    12
Dodge: Dodged            |    16 |    51 |    60 ||   127
Block: Shield            |    13 |    43 |    70 ||   126
